 Dungeon Crawl Stone Soup version 0.18-a0-1273-g8ec5f8e (webtiles) character file.

140607 4thArraOfDagon the Brawler (level 16, -16/193 HPs)
             Began as a Troll Arcane Marksman on Feb 6, 2016.
             Was the Champion of Cheibriados.
             Shot with an arrow by a satyr (24 damage)
             ... on level 4 of the Shoals on Feb 7, 2016.
             The game lasted 01:07:37 (11625 turns).

4thArraOfDagon the Brawler (Troll Arcane Marksman) Turns: 11625, Time: 01:07:37

Health: -16/193    AC: 29    Str: 45    XL:     16   Next: 76%
Magic:  17/22      EV: 21    Int: 29    God:    Cheibriados [******]
Gold:   668        SH:  0    Dex: 26    Spells: 4 memorised, 11 levels left

rFire  . . .     SeeInvis +       - Unarmed
rCold  + . .     Gourm    +     (armour currently unavailable)
rNeg   + . .     Faith    .     (no shield)
rPois  ∞         Spirit   .     (helmet restricted)
rElec  +         Dismiss  .     o - +2 cloak
rCorr  .         Reflect  .     (gloves unavailable)
SustAt .         Harm     .     (boots unavailable)
MR     +....                    (no amulet)
Stlth  +++.......               l - ring of wizardry
                                B - +5 ring of intelligence

@: statue-form, very slow, somewhat resistant to hostile enchantments, fairly
stealthy
A: unfitting armour, claws 3, thin skeletal structure 1, see invisible, cold
resistance 1, fast metabolism 3, gourmand, regeneration 2, (shaggy fur 0),
electricity resistance, strong 1, (tough skin 0), evolution 1
a: End Transformation, Bend Time, Temporal Distortion, Slouch, Step From Time,
Renounce Religion


You were on level 4 of the Shoals.
You worshipped Cheibriados.
Cheibriados was exalted by your worship.
You were very full.
You were a stone statue.
You visited 6 branches of the dungeon, and saw 30 of its levels.
You visited the Abyss 1 time.
You visited 1 bazaar.
You also visited: Ice Cave and Volcano.

You collected 2798 gold pieces.
You spent 2017 gold pieces at shops.

Inventory:

Hand Weapons
 b - the +10 dark maul {crush}
   (You bought it in a shop on level 2 of the Orcish Mines)

   It inflicts extra damage upon your enemies.
 J - a +0 blowgun
Missiles
 c - 11 large rocks (quivered)
 i - 10 curare-tipped needles
 V - 4 throwing nets
Armour
 j - the +2 steam dragon armour "Keukkeh" (melded) {*Drain rPois rC+ Dex+6}
   (You found it on level 8 of the Lair of Beasts)

   It affects your dexterity (+6).
   It protects you from cold.
   It protects you from poison.
   It causes draining when unequipped.
 o - a +2 cloak (worn)
Jewellery
 l - a ring of wizardry (right claw)
 w - an uncursed ring of positive energy
 B - a +5 ring of intelligence (left claw)
 K - a +4 ring of protection
 Z - an uncursed ring of flight
Wands
 d - a wand of polymorph (8/24)
 h - a wand of iceblast (2/15)
 n - a wand of disintegration (22/24)
 W - a wand of slowing (37/48)
 Y - a wand of acid (5/15)
Scrolls
 e - 7 scrolls of fog
 g - 4 scrolls of recharging
 p - a scroll of brand weapon
 q - 6 scrolls of noise
 r - a scroll of magic mapping
 t - 5 scrolls of remove curse
 v - 4 scrolls of enchant armour
 N - 2 scrolls of immolation
 X - 2 scrolls of teleportation
Potions
 s - a potion of cure mutation
 u - 9 potions of might
 x - 4 potions of brilliance
 y - a potion of magic
 C - a potion of flight
 E - 14 potions of curing
 H - a potion of invisibility
 M - a potion of berserk rage
 Q - 3 potions of cancellation
 R - 4 potions of resistance
 T - 3 potions of agility
 U - 3 potions of lignification
Miscellaneous
 D - a crystal ball of energy
 F - a legendary deck of defence {drawn: 7}
 G - a plain deck of summoning {drawn: 4}
 L - a stone of tremors
 O - a fan of gales (inert)
 S - a plain deck of escape
Comestibles
 a - 6 slices of pizza
 f - 16 bread rations
 k - 12 meat rations
 m - 3 beef jerkies
 A - 13 fruits
 I - 5 royal jellies


   Skills:
 - Level 7.0 Fighting
 * Level 2.4 Maces & Flails
 - Level 1.7 Throwing
 + Level 10.3 Dodging
 - Level 16.5 Unarmed Combat
 - Level 4.1 Spellcasting
 - Level 2.0 Hexes
 - Level 7.3 Transmutations
 - Level 8.6 Earth Magic
 - Level 10.5 Invocations


You had 11 spell levels left.
You knew the following spells:

 Your Spells              Type           Power        Failure   Level  Hunger
b - Slow                  Hex            ###.....     1%          2    None
c - Repel Missiles        Chrm/Air       #.....       4%          2    None
d - Sublimation of Blood  Necr           #.........   4%          2    None
e - Statue Form           Trmt/Erth      ######...    16%         6    #######


Dungeon Overview and Level Annotations

Branches:
Dungeon (14/15)            Temple (1/1) D:7            Lair (8/8) D:10
 Shoals (4/4) Lair:6          Orc (2/2) D:10            Elf (1/3) Orc:2
  Snake: Lair:3-6    Spider: Lair:3-6     Slime: Lair:6-8    Vaults: D:13-14

Altars:
Cheibriados
Dithmenos
Elyvilon
Fedhas
Gozag
Kikubaaqudgha
Makhleb
Okawaru
Vehumet
Yredelemnul

Shops:
D:10 (   Orc:2 (%:(

Annotations:
D:10 exclusion: orange crystal statue
D:13 Armakuni's ghost, journeyman MfWn
Shoals:1 exclusion: ice statue
Shoals:4 exclusion: Roxanne, Ilsuiw; Roxanne


Innate Abilities, Weirdness & Mutations

You are too large for most types of armour.
You have claws for hands.
Your metabolism is lightning-fast.
You like to eat raw meat.
You heal very quickly.
((You are covered in fur (AC +1).))
((You have very tough skin (AC +2).))
You have a somewhat thin skeletal structure (Dex +2, Stealth).
You have supernaturally acute eyesight.
Your flesh is cold resistant.
You are resistant to electric shocks.
Your muscles are strong. (Str +2)
You evolve.


Message History

Read which item? (? for menu, Esc to quit)
Okay, then.
Drink which item? (? for menu, Esc to quit)
Okay, then.
Evoke which item? (* to show all) (? for menu, Esc to quit)
A fierce wind blows from the fan.
The merfolk aquamancer is blown away by the wind.
The merfolk impaler collides with the water elemental!
The merfolk javelineer collides with the merfolk!
The winds coalesce and take form.
Your surroundings suddenly seem different.
Splash!
You are no longer entranced.
You hear a shout!
Found 33 gold pieces and a wand of random effects.
Found a stone staircase leading up.
Unknown command.
The satyr unwields an uncursed spear.
The satyr wields a longbow.
The satyr shoots an arrow.
The arrow hits you!!
You die...

≈≈≈≈≈≈..≈≈≈≈≈≈≈
......./≈≈≈≈≈≈≈
.....<.≈≈≈≈≈≈≈
#....$≈≈≈≈≈≈≈
.c..≈≈≈≈≈≈≈≈
##.≈≈≈≈≈≈≈≈≈
#.≈≈≈≈≈≈≈≈≈≈
#≈≈≈≈≈≈≈≈≈≈
#.8≈≈≈≈≈≈≈≈
#.≈≈≈≈≈≈≈≈≈
#≈≈≈≈≈≈≈≈≈≈
≈≈≈≈≈≈≈≈≈≈≈
≈≈≈≈≈≈≈≈≈≈≈≈
#≈≈≈≈≈≈≈≈≈≈≈≈
≈≈≈≈≈≈≈≈≈≈≈≈≈
≈≈≈≈≈≈≈≈≈≈≈≈≈


You could see a satyr.

Vanquished Creatures
  Maud (D:10)
  A draconian caller (Abyss:2)
  A stone giant (Orc:2)
  Nessos (Lair:8)
  Snorg (Orc:1)
  6 hydras
  A catoblepas (Lair:8)
  Erica (Orc:1)
  2 centaur warriors
  An alligator snapping turtle (Shoals:1)
  7 death yaks
  3 orc high priests (Orc:2)
  A deep troll shaman (Lair:8)
  Urug (D:11)
  Sonja (D:10)
  5 large abominations (D:11)
  A sea snake (Shoals:4)
  4 unseen horrors
  14 hill giants
  5 harpies (Shoals:2)
  5 orc knights
  A wizard (D:11)
  4 cyclopes
  3 water nymphs
  3 orc sorcerers (Orc:2)
  A sphinx skeleton (Volcano)
  An ugly thing (D:13)
  A deep elf mage (Orc:2)
  5 griffons
  2 manticores
  11 elephants (Lair:8)
  A centaur zombie (D:13)
  2 ice statues (IceCv)
  A rust devil (Abyss:2)
  5 black mambas
  7 sirens
  A torpor snail (Lair:6)
  A gargoyle (D:13)
  4 centaur skeletons
  An efreet (D:14)
  7 spiny frogs
  6 komodo dragons
  2 fire drakes (Lair:8)
  A hellwing (Abyss:2)
  A guardian mummy (Volcano)
  3 ice devils (IceCv)
  2 polar bears (Lair:8)
  2 wind drakes
  14 merfolk
  Grinder (D:5)
  3 two-headed ogres
  4 trolls
  A slime creature (D:13)
  2 snapping turtles
  A boulder beetle (Lair:8)
  8 blink frogs
  A minotaur skeleton (Volcano)
  A flying skull (Volcano)
  5 vampires (Volcano)
  Sigmund (D:4)
  The ghost of 4thArraOfDagon the Chiller, an amateur DEIE of Vehumet (D:6)
  A shadow (D:12)
  2 wyverns
  A spriggan (Lair:2)
  35 yaks
  2 hungry ghosts
  A wraith (D:13)
  2 hill giant skeletons (Volcano)
  A human (D:11)
  10 hippogriffs
  The ghost of 4thArraOfDagon the Ruffian, an amateur DrAE (D:5)
  A neqoxec (Abyss:2)
  8 wargs
  15 wolves
  11 water moccasins
  13 porcupines
  29 orc warriors
  3 sky beasts
  2 ice beasts
  A necrophage (D:11)
  2 black bears
  12 ogres
  4 phantoms
  4 boggarts
  8 centaurs
  20 crocodiles
  A big kobold (D:12)
  13 giant frogs
  A gnoll sergeant (D:9)
  10 small abominations
  A wyvern skeleton (D:14)
  11 killer bees
  6 scorpions
  An electric eel (Lair:7)
  3 troll skeletons (Volcano)
  20 wights
  5 crimson imps
  5 giant frog zombies
  5 hounds
  A quasit (D:9)
  A giant frog skeleton (D:7)
  3 jellies
  13 orc priests
  23 orc wizards
  A two-headed ogre skeleton (Volcano)
  9 iguanas
  7 worker ants
  A killer bee zombie (D:6)
  5 sheep (Lair:6)
  A naga skeleton (Volcano)
  2 ogre skeletons (Volcano)
  Robin (D:4)
  13 gnolls
  13 adders
  68 river rats
  2 shadow imps
  17 white imps
  8 ufetubi (IceCv)
  An adder skeleton (D:9)
  A worm (D:3)
  2 giant geckos
  89 orcs
  3 ball pythons
  A giant cockroach (D:5)
  13 goblins
  7 hobgoblins
  4 jackals (D:3)
  8 kobolds
  7 quokkas
  14 bats
  A giant gecko skeleton (D:4)
  2 giant newts
  11 rats
  2 fungi
  2 plants
813 creatures vanquished.

Vanquished Creatures (others)
  2 ufetubi (IceCv)
  A bush (Abyss:2)
  3 demonic plants (Abyss:2)
  8 fungi
  3 plants
17 creatures vanquished.

Grand Total: 830 creatures vanquished

Notes
Turn   | Place    | Note
--------------------------------------------------------------
     0 | D:1      | 4thArraOfDagon the Troll Arcane Marksman began the quest for the Orb.
     0 | D:1      | Reached XP level 1. HP: 18/18 MP: 1/1
    49 | D:1      | Reached skill level 1 in Unarmed Combat
    98 | D:1      | Reached XP level 2. HP: 24/26 MP: 2/2
   119 | D:2      | You fall through a shaft!
   143 | D:3      | Learned a level 2 spell: Slow
   167 | D:2      | Reached XP level 3. HP: 32/32 MP: 3/3
   211 | D:3      | Reached skill level 3 in Unarmed Combat
   246 | D:4      | Reached XP level 4. HP: 31/40 MP: 4/4
   279 | D:4      | Found an opulent altar of Gozag.
   293 | D:5      | Entered Level 5 of the Dungeon
   293 | D:5      | Noticed a sky beast
   299 | D:4      | Reached skill level 4 in Unarmed Combat
   309 | D:4      | Reached XP level 5. HP: 14/46 MP: 5/5
   380 | D:4      | Reached skill level 5 in Unarmed Combat
   442 | D:5      | Killed a sky beast
   442 | D:5      | Reached skill level 6 in Unarmed Combat
   442 | D:5      | Reached XP level 6. HP: 54/54 MP: 6/6
   454 | D:5      | Gained mutation: You have a somewhat thin skeletal structure (Dex +2, Stealth). [mutagenic meat]
   458 | D:5      | Gained mutation: You have supernaturally acute eyesight. [mutagenic meat]
   459 | D:5      | Gained mutation: Your system is resistant to poisons. [mutagenic meat]
   460 | D:5      | Gained mutation: Your spells are a little harder to cast, but a little more powerful. [mutagenic meat]
   461 | D:5      | Gained mutation: You can translocate small distances at will. [mutagenic meat]
   462 | D:5      | Gained mutation: You are resistant to electric shocks. [mutagenic meat]
   463 | D:5      | time to win this
   510 | D:6      | Gained mutation: You evolve. [potion of mutation]
   510 | D:6      | Gained mutation: Your flesh is cold resistant. [potion of mutation]
   536 | D:5      | Noticed a sky beast
   548 | D:5      | Noticed Grinder
   548 | D:5      | Paralysed by Grinder for 4 turns
   584 | D:7      | Found a staircase to the Ecumenical Temple.
   596 | Temple   | Entered the Ecumenical Temple
   619 | Temple   | Became a worshipper of Cheibriados the Contemplative
   734 | D:6      | Noticed 4thArraOfDagon's ghost (amateur DEIE)
   770 | D:6      | Reached skill level 7 in Unarmed Combat
   776 | D:6      | Reached XP level 7. HP: 53/61 MP: 7/7
   823 | D:6      | Killed 4thArraOfDagon's ghost
   823 | D:6      | Reached skill level 1 in Fighting
   823 | D:6      | Reached skill level 8 in Unarmed Combat
   823 | D:6      | Reached skill level 1 in Invocations
   958 | D:6      | Reached * piety under Cheibriados
   961 | D:6      | Reached XP level 8. HP: 39/71 MP: 8/8
  1048 | D:5      | Noticed 4thArraOfDagon's ghost (amateur DrAE)
  1070 | D:5      | Killed 4thArraOfDagon's ghost
  1102 | D:4      | Noticed Robin
  1111 | D:4      | Killed Robin
  1145 | D:4      | Noticed Sigmund
  1163 | D:4      | Killed Sigmund
  1163 | D:4      | Reached skill level 9 in Unarmed Combat
  1239 | D:3      | Lost mutation: Your system is resistant to poisons. [evolution]
  1316 | D:2      | Reached ** piety under Cheibriados
  1541 | D:5      | Paralysed by Grinder for 4 turns
  1551 | D:5      | Killed Grinder
  1655 | D:8      | Noticed a seven-headed hydra
  1703 | D:7      | Found a shadowy altar of Dithmenos.
  1713 | D:7      | Reached XP level 9. HP: 79/83 MP: 10/10
  1961 | D:8      | Reached skill level 10 in Unarmed Combat
  2176 | D:9      | Reached *** piety under Cheibriados
  2259 | D:9      | Found a basalt altar of Yredelemnul.
  2428 | D:10     | Entered Level 10 of the Dungeon
  2446 | D:10     | Reached XP level 10. HP: 65/94 MP: 12/12
  2463 | D:10     | Reached **** piety under Cheibriados
  2529 | D:10     | Reached skill level 11 in Unarmed Combat
  2561 | D:10     | Reached skill level 5 in Dodging
  2613 | D:10     | Noticed an orange crystal statue
  2651 | D:10     | Noticed an unseen horror
  2662 | D:10     | Killed an unseen horror
  2662 | D:10     | Reached skill level 5 in Fighting
  2704 | D:9      | Reached skill level 5 in Invocations
  2831 | D:10     | Noticed Sonja
  2839 | D:10     | Killed Sonja
  2904 | D:10     | Reached ***** piety under Cheibriados
  2915 | D:10     | Noticed Maud
  2922 | D:10     | Found Eshrot's Antique Weapon Emporium.
  2954 | D:10     | Found a staircase to the Lair.
  3053 | D:11     | Noticed an unseen horror
  3074 | D:11     | Killed an unseen horror
  3074 | D:11     | Reached skill level 12 in Unarmed Combat
  3186 | D:11     | Noticed a wizard
  3191 | D:11     | Killed a wizard
  3191 | D:11     | Reached XP level 11. HP: 105/105 MP: 14/14
  3205 | D:11     | Noticed a large abomination
  3205 | D:11     | Noticed a large abomination
  3360 | D:11     | ROTFL
  3531 | D:13     | Noticed a brown ugly thing
  3539 | D:13     | Killed a brown ugly thing
  3576 | D:13     | Reached skill level 13 in Unarmed Combat
  3576 | D:13     | Reached XP level 12. HP: 113/118 MP: 14/16
  3780 | D:13     | Noticed Armakuni's ghost (journeyman MfWn)
  3928 | D:13     | Reached ****** piety under Cheibriados
  4138 | D:12     | Reached skill level 14 in Unarmed Combat
  4400 | D:14     | Noticed a five-headed hydra
  4402 | D:14     | Noticed a centaur warrior
  4410 | D:13     | Killed a centaur warrior
  4476 | D:14     | Noticed a centaur warrior
  4482 | D:14     | Killed a centaur warrior
  4636 | D:12     | Lost mutation: You can translocate small distances at will. [evolution]
  4712 | D:12     | Reached XP level 13. HP: 112/124 MP: 18/18
  4823 | D:11     | Noticed Urug
  4833 | D:11     | Killed Urug
  5055 | D:11     | HP: 2/124 [small abomination (15)]
  5315 | D:10     | Cast into level 2 of the Abyss (Maud)
  5334 | Abyss:2  | Reached skill level 15 in Unarmed Combat
  5350 | Abyss:2  | Noticed a lorocyproca
  5399 | Abyss:2  | Noticed a purple draconian caller
  5409 | Abyss:2  | Was placed under penance by Cheibriados
  5421 | Abyss:2  | Killed a purple draconian caller
  5430 | Abyss:2  | Was forgiven by Cheibriados
  5450 | Abyss:2  | Noticed a tentacled starspawn
  5452 | D:10     | Escaped the Abyss
  5467 | D:10     | Killed Maud
  5534 | D:10     | Found a staircase to the Orcish Mines.
  5544 | Orc:1    | Entered Level 1 of the Orcish Mines
  6026 | Orc:1    | Got a smoking great mace
  6063 | Orc:1    | Learned a level 2 spell: Repel Missiles
  6066 | Orc:1    | Learned a level 2 spell: Sublimation of Blood
  6223 | Orc:1    | Found a burning altar of Makhleb.
  6250 | Orc:1    | Noticed Erica
  6267 | Orc:1    | Killed Erica
  6289 | Orc:1    | Reached skill level 16 in Unarmed Combat
  6412 | Orc:1    | Noticed Snorg
  6424 | Orc:1    | Killed Snorg
  6522 | Orc:2    | Entered Level 2 of the Orcish Mines
  6533 | Orc:2    | Reached XP level 14. HP: 100/133 MP: 20/20
  6758 | Orc:2    | Noticed a stone giant
  6768 | Orc:2    | Killed a stone giant
  6768 | Orc:2    | Reached skill level 10 in Invocations
  6915 | Orc:2    | Found Toonnoor's Weapon Boutique.
  6915 | Orc:2    | Found Ceneix's Weapon Shoppe.
  6915 | Orc:2    | Paralysed by an orc sorcerer for 5 turns
  6922 | Orc:2    | Found Tegiam's Book Boutique.
  6922 | Orc:2    | Found Zucsoitt's Food Shoppe.
  6936 | Orc:2    | Bought a book of Transfigurations for 715 gold pieces
  6943 | Orc:2    | Learned a level 6 spell: Statue Form
  7070 | Orc:2    | Found a staircase to the Elven Halls.
  7324 | Elf:1    | Entered Level 1 of the Elven Halls
  7388 | Orc:2    | Bought the +10 dark maul {crush} for 933 gold pieces
  7548 | Lair:1   | Entered Level 1 of the Lair of Beasts
  7878 | Lair:2   | Reached skill level 10 in Dodging
  7878 | Lair:2   | Reached skill level 1 in Earth Magic
  7883 | Lair:2   | Reached skill level 1 in Transmutations
  8053 | Lair:2   | Identified the +0 great mace of Pinouty Igomp {crush, rC+} (You found it on level 1 of the Orcish Mines)
  8057 | Lair:2   | Lost mutation: Your spells are a little harder to cast, but a little more powerful. [evolution]
  8080 | Lair:2   | Gained mutation: Your muscles are strong. (Str +2) [potion of beneficial mutation]
  8431 | Lair:3   | You fall through a shaft!
  8524 | Lair:4   | BLOAX: lol
  8535 | Lair:4   | BLOAX: hammertime
  8589 | Lair:4   | 4thArraOfDagon: You flatten crocodile like a pancake!!!
  8942 | Lair:6   | Turgon: What!
  8945 | Lair:6   | Found a staircase to the Shoals.
  8951 | Lair:6   | Turgon: Dark maul!
  9315 | Lair:7   | Reached XP level 15. HP: 121/140 MP: 21/21
  9322 | Lair:7   | Found a frozen archway.
  9332 | IceCv    | Entered an ice cave
  9360 | IceCv    | Reached skill level 5 in Earth Magic
  9571 | Lair:8   | Entered Level 8 of the Lair of Beasts
  9778 | Lair:8   | Reached skill level 5 in Transmutations
  9847 | Lair:8   | Found a dark tunnel.
  9855 | Volcano  | Entered a volcano
 10051 | Volcano  | Reached XP level 16. HP: 149/149 MP: 22/22
 10223 | Lair:8   | Noticed Nessos
 10228 | Lair:8   | Killed Nessos
 10547 | Lair:8   | Got a slimy steam dragon armour
 10558 | Lair:8   | Identified the +2 steam dragon armour "Keukkeh" {*Drain rPois rC+ Dex+6} (You found it on level 8 of the Lair of Beasts)
 10714 | Shoals:1 | Entered Level 1 of the Shoals
 10769 | Shoals:1 | BLOAX: feels bad to not be a DEIE of ass destruction huh
 11163 | Shoals:2 | Found a flickering gateway to a bazaar.
 11201 | Bazaar   | Entered a bazaar
 11201 | Bazaar   | Found Reremucw's Antique Weapon Shoppe.
 11201 | Bazaar   | Found Zuodifil's Distillery.
 11205 | Bazaar   | Found Hejavo's Antique Weapon Emporium.
 11211 | Bazaar   | Found Zusy's Book Shoppe.
 11219 | Bazaar   | Bought a potion of curing for 27 gold pieces
 11219 | Bazaar   | Bought a potion of curing for 27 gold pieces
 11219 | Bazaar   | Bought a potion of agility for 36 gold pieces
 11219 | Bazaar   | Bought a potion of magic for 72 gold pieces
 11219 | Bazaar   | Bought a potion of agility for 36 gold pieces
 11219 | Bazaar   | Bought a potion of curing for 27 gold pieces
 11219 | Bazaar   | Bought a potion of curing for 27 gold pieces
 11219 | Bazaar   | Bought a potion of resistance for 90 gold pieces
 11219 | Bazaar   | Bought a potion of curing for 27 gold pieces
 11461 | Shoals:4 | Entered Level 4 of the Shoals
 11473 | Shoals:4 | Reached skill level 1 in Maces & Flails
 11486 | Shoals:4 | Noticed Roxanne
 11559 | Shoals:4 | 4thArraOfDagon: bbl
 11559 | Shoals:4 | Upgraded the game from 0.18-a0-1267-gff090c1 to 0.18-a0-1273-g8ec5f8e
 11620 | Shoals:4 | Noticed Ilsuiw
 11623 | Shoals:4 | HP: 7/193 [merfolk impaler/trident (5)]
 11623 | Shoals:4 | HP: 3/193 [merfolk aquamancer/rapier (4)]
 11625 | Shoals:4 | Shot with an arrow by a satyr

Vault maps used:
D:1:      onia_arrival_handbag, serial_bayou, serial_bayou_pond_d,
          serial_bayou_lake_a, serial_bayou_ford_a, serial_bayou_pond_e
D:2:      minmay_misc_feat_tower
D:3:      johnstein_pakellas_dig
D:4:      grunt_gozag_statues, grunt_temple_overflow_open,
          kennysheep_generic_room_15, uniq_robin, uniq_sigmund
D:5:      kennysheep_spiral_hall, first_bread, uniq_grinder
D:7:      nicolae_dithmenos_shadow_blocks, minmay_temple_entry_trees
D:9:      minitemple
D:10:     grunt_lair_entry_orc_guard_hut, erik_orc_2, serial_shops,
          nicolae_shop_trees, minivault_16, uniq_joseph, uniq_maud, uniq_sonja
D:11:     serial_shops, shop, lab_entry_generic, hangedman_stone_soup,
          laboratory, uniq_urug
D:14:     david_vaults_2
Temple:   minmay_temple_bridge_a_8
Lair:1:   hibernation_bobbens
Lair:2:   grunt_forest_large_clearing_hut
Lair:3:   minmay_hedge_maze, lemuel_fruit_tree, serial_bayou_shore_b,
          grunt_megastairs_2
Lair:5:   minmay_snake_entry_six_corridors, dpeg_oklob_1,
          infiniplex_staircase_pool, serial_bayou_shore_a
Lair:6:   minmay_shoals_entry_lonely_mermaid
Lair:7:   boulder_quad_collide, slime_altar_1, portal_ice_cave_entry_imps,
          bh_autumn_forest_stairs
Lair:8:   grunt_lair_end_beastmaster, nicolae_volcano_entry_hallway, uniq_nessos
Shoals:1: overgrown_statue
Shoals:2: serial_shops, bzr_entry_customers
Shoals:4: shoals_end_grunt_ice, shoals_ilsuiw_ice,
          nicolae_shoals_dead_sea_scrolls, uniq_roxanne
Orc:1:    giant_chief_lemuel, basic_altar, uniq_snorg, uniq_erica
Orc:2:    grunt_orc_tribal_feast
Elf:1:    minmay_elf_demonology, grunt_megastairs_1, uniq_azrael, uniq_louise,
          uniq_donald
Bazaar:   bazaar_minmay_row
IceCv:    ice_cave_small_demon
Volcano:  volcano_tomb

Action                   |  1- 3 |  4- 6 |  7- 9 | 10-12 | 13-15 | 16-18 || total
-------------------------+-------+-------+-------+-------+-------+-------++-------
Melee: Unarmed           |    61 |    80 |   314 |   346 |   680 |   190 ||  1671
       Maul              |       |       |       |       |   169 |       ||   169
Throw: Throwing net      |     1 |       |     2 |     4 |     2 |       ||     9
       Large rock        |       |       |       |       |    53 |    21 ||    74
 Cast: Statue Form       |       |       |       |       |       |    10 ||    10
Invok: Bend Time         |       |       |     1 |       |       |       ||     1
       Slouch            |       |       |       |     6 |     7 |     3 ||    16
       Temporal Distorti |       |       |       |     1 |     4 |     2 ||     7
Evoke: Deck              |       |       |       |     2 |     9 |       ||    11
       Wand              |       |       |       |     3 |     9 |       ||    12
       Fan of gales      |       |       |       |       |       |     1 ||     1
  Use: Potion            |       |     3 |     2 |     1 |     6 |     1 ||    13
       Scroll            |       |     5 |     1 |    13 |    14 |     8 ||    41
 Stab: Sleeping          |     1 |       |     6 |     5 |    15 |       ||    27
       Held in net/web   |     1 |       |       |     2 |     1 |       ||     4
       Distracted        |       |       |     1 |       |     1 |       ||     2
  Eat: Chunk             |     6 |    11 |    18 |    21 |    41 |    21 ||   118
